 Dungeon Crawl Stone Soup version 0.25.1-8-g42b30a86e7 (webtiles) character file.

Game seed: 5971498471039666282

6043 DearestLeader the Cleaver (level 10, -1/81 HPs)
             Began as a Minotaur Fighter on Nov 30, 2020.
             Was a High Priest of Okawaru.
             Slain by a ten-headed hydra (9 damage)
             ... on level 8 of the Dungeon.
             The game lasted 00:14:58 (8495 turns).

DearestLeader the Cleaver (Minotaur Fighter)        Turns: 8495, Time: 00:14:59

Health: -1/81      AC: 16    Str: 28    XL:     10   Next: 57%
Magic:  4/4        EV:  9    Int:  1    God:    Okawaru [*****.]
Gold:   428        SH: 12    Dex: 10    Spells: 9/9 levels left

rFire    . . .     SeeInvis .   I - +7 war axe of Neack {antimagic, +Rage rC+ Str+4 Int-4}
rCold    + . .     Gourm    .   c - +0 kite shield
rNeg     . . .     Faith    +   a - +0 swamp dragon scales
rPois    +         Spirit   .   (helmet restricted)
rElec    .         Reflect  .   C - +1 cloak
rCorr    .         Harm     .   (no gloves)
MR       .....                  (no boots)
Stlth    ..........             j - amulet of faith
HPRegen  0.23/turn              u - +4 ring of protection
MPRegen  0.09/turn              (no ring)

@: no status effects
A: retaliatory headbutt, horns 2
a: Heroism, Finesse, Renounce Religion, Evoke Berserk Rage


You were on level 8 of the Dungeon.
You worshipped Okawaru.
Okawaru was extremely pleased with you.
You were not hungry.

You visited 2 branches of the dungeon, and saw 9 of its levels.

You collected 428 gold pieces.

Inventory:

Hand Weapons
 I - the +7 war axe of Neack (weapon) {antimagic, +Rage rC+ Str+4 Int-4}
   (You found it on level 6 of the Dungeon)

   It reduces the magical energy of the wielder, and disrupts the spells and
   magical abilities of those hit.
   Natural abilities and divine invocations are not affected.
   It affects your strength (+4).
   It affects your intelligence (-4).
   It protects you from cold.
   It lets you go berserk.
Missiles
 e - 3 silver javelins (quivered)
Armour
 a - +0 swamp dragon scales (worn)
 c - a +0 kite shield (worn)
 h - a +0 chain mail
 o - +0 acid dragon scales
 C - a +1 cloak (worn)
Jewellery
 j - an amulet of faith (around neck)
 u - a +4 ring of protection (left hand)
 H - an uncursed amulet of guardian spirit {unknown}
 L - an uncursed ring of fire
Wands
 r - a wand of polymorph (17)
 z - a wand of paralysis (7)
 G - a wand of random effects (40)
 K - a wand of flame (8)
Scrolls
 i - 4 scrolls of teleportation
 m - a scroll of amnesia
 n - a scroll of remove curse
 p - 2 scrolls of enchant weapon
 q - 5 scrolls of immolation
 w - 3 scrolls of fear {unknown}
 x - a scroll of noise {unknown}
 y - a scroll of fog {unknown}
 A - a scroll of magic mapping {unknown}
 B - a scroll of holy word {unknown}
 M - 2 scrolls of silence {unknown}
Potions
 b - 6 potions of curing
 d - 3 potions of might
 g - 2 potions of lignification {unknown}
 k - a potion of haste {unknown}
 l - 2 potions of magic {unknown}
 s - 3 potions of flight {unknown}
 t - 2 potions of stabbing
 v - a potion of mutation {unknown}
 D - a potion of heal wounds
 E - 2 potions of brilliance {unknown}
 F - 2 potions of invisibility {unknown}
 J - 2 potions of cancellation {unknown}
Comestibles
 f - 16 rations
 N - 2 chunks of flesh


   Skills:
 - Level 5.0 Fighting
 * Level 12.3 Axes
 + Level 9.4 Armour
 + Level 9.5 Shields
 + Level 5.5 Invocations


You had 9 spell levels left.
You didn't know any spells.
Your spell library contained the following spells:

 Spells                   Type           Power        Failure   Level  Hunger
 Beastly Appendage        Tmut           #.....       89%         1    ##.....
 Sticks to Snakes         Tmut           #.......     96%         2    ###....
 Spider Form              Tmut/Pois      #.........   99%         3    ####...
 Ice Form                 Ice/Tmut       #.......     100%        4    #####..
 Blade Hands              Tmut           #.........   100%        5    ######.


Dungeon Overview and Level Annotations

Branches:
Dungeon (8/15)             Temple (1/1) D:5
   Lair: D:8-11

Altars:
Ashenzari
Cheibriados
Dithmenos
Fedhas
Hepliaklqana
Kikubaaqudgha
Makhleb
Nemelex Xobeh
Okawaru
Qazlal
Sif Muna
Trog
Xom
Yredelemnul
Zin
The Shining One

Annotations:
D:8 2 transporters, ciphuk's ghost, novice FeCj


Innate Abilities, Weirdness & Mutations

You reflexively headbutt those who attack you in melee.
You have a pair of horns on your head.


Message History

You lop one of the eight-headed hydra's heads off!
The seven-headed hydra grows two more!
You slice the nine-headed hydra!!
The nine-headed hydra is almost dead.
The nine-headed hydra bites you but does no damage.
You block the nine-headed hydra's attack.
The nine-headed hydra bites you.
* * * LOW HITPOINT WARNING * * *
The nine-headed hydra bites you but does no damage. x2
The nine-headed hydra bites you!
* * * LOW HITPOINT WARNING * * *
The nine-headed hydra bites you but does no damage.
The nine-headed hydra barely misses you.
You block the nine-headed hydra's attack.
Unknown command.
You chop one of the nine-headed hydra's heads off!
The eight-headed hydra grows two more!
You slash the ten-headed hydra!
The ten-headed hydra is almost dead.
The ten-headed hydra bites you but does no damage.
The ten-headed hydra bites you!
You die...

#).........###
####.##...####
#.####(....
#........#.
#################.
#.)+.P≈PP# #.
#K.#≈≈≈≈P# #.
#D##P≈P.≈# #.
#@.#....)### #†
#..'....)..######.
#..'..P.(#........
#..'....≈###.####.
#..#.....###.####.
##########........
#.# ###.###.. #.#
#.##...
##.######.###..


You could see a ten-headed hydra and a big kobold.

Vanquished Creatures
  A two-headed ogre (D:8)
  Maggie (D:7)
  A hornet (D:7)
  2 dream sheep (D:8)
  Sigmund (D:6)
  2 yaks (D:8)
  A hungry ghost (D:8)
  Menkaure (D:4)
  2 orc warriors
  Duvessa (D:7)
  2 black bears
  A phantom (D:4)
  3 ice beasts
  4 ogres
  5 centaurs
  3 big kobolds (D:8)
  A crocodile (D:7)
  5 bullfrogs
  Dowan (D:7)
  2 scorpions (D:7)
  6 killer bees (D:8)
  8 wights
  A howler monkey (D:5)
  A crimson imp (D:6)
  A bullfrog zombie (D:6)
  A centaur skeleton (D:8)
  5 hounds
  4 orc priests
  Crazy Yiuf (D:6)
  2 iguanas
  6 worker ants
  2 orc wizards
  Ijyb (D:4)
  A killer bee zombie (D:6)
  Robin (D:4)
  8 gnolls
  3 adders
  2 shadow imps
  2 oozes
  An adder skeleton (D:6)
  5 worms
  4 dart slugs
  3 leopard geckos
  19 orcs
  6 bats
  6 giant cockroaches
  11 goblins
  11 hobgoblins
  10 jackals
  14 kobolds
  2 ball pythons (D:3)
  3 frilled lizards
  A leopard gecko skeleton (D:4)
  7 rats
199 creatures vanquished.

Vanquished Creatures (others)
  An orc wizard (D:7)
1 creature vanquished.

Grand Total: 200 creatures vanquished

Notes
Turn   | Place    | Note
-------+----------+-------------------------------------------
     0 | D:1      | DearestLeader the Minotaur Fighter began the quest for the
                  | Orb.
     0 | D:1      | Reached XP level 1. HP: 19/19 MP: 0/0
    36 | D:1      | Reached skill level 3 in Axes
    36 | D:1      | Reached XP level 2. HP: 19/26 MP: 1/1
   369 | D:1      | Reached XP level 3. HP: 29/31 MP: 2/2
  1424 | D:2      | Reached skill level 4 in Axes
  1875 | D:3      | Found a shimmering blue altar of Sif Muna.
  2040 | D:3      | Reached XP level 4. HP: 39/39 MP: 3/3
  2242 | D:3      | Found a faded altar of an unknown god.
  2473 | D:3      | Reached XP level 5. HP: 18/45 MP: 4/4
  2871 | D:4      | Reached skill level 5 in Axes
  2983 | D:4      | Reached skill level 5 in Armour
  2983 | D:4      | Reached skill level 5 in Shields
  3100 | D:4      | Found an ancient bone altar of Kikubaaqudgha.
  3186 | D:4      | Noticed a phantom
  3214 | D:4      | Killed a phantom
  3214 | D:4      | Reached skill level 6 in Axes
  3214 | D:4      | Reached XP level 6. HP: 40/51 MP: 5/5
  3247 | D:4      | Noticed Robin
  3268 | D:4      | Killed Robin
  3328 | D:4      | Found a snail-covered altar of Cheibriados.
  3343 | D:4      | Noticed Menkaure
  3346 | D:4      | Killed Menkaure
  3703 | D:4      | Noticed Ijyb
  3704 | D:4      | Paralysed by Ijyb for 6 turns
  3715 | D:4      | Killed Ijyb
  3715 | D:4      | Reached XP level 7. HP: 54/57 MP: 6/6
  3898 | D:5      | Entered Level 5 of the Dungeon
  4105 | D:5      | Reached skill level 7 in Axes
  4264 | D:5      | Found a shimmering altar of Xom.
  4389 | D:5      | Found a bloodstained altar of Trog.
  4605 | D:5      | Found a staircase to the Ecumenical Temple.
  4619 | Temple   | Entered the Ecumenical Temple
  4716 | Temple   | Became a worshipper of Warmaster Okawaru
  4934 | D:6      | Reached skill level 8 in Axes
  5023 | D:6      | Reached XP level 8. HP: 51/67 MP: 7/7
  5079 | D:5      | Reached * piety under Okawaru
  5373 | D:6      | Reached skill level 5 in Fighting
  5378 | D:6      | Reached skill level 1 in Invocations
  5636 | D:6      | Found a blossoming altar of Fedhas.
  5640 | D:6      | Got a buzzing war axe
  5640 | D:6      | Identified the +7 war axe of Neack {antimagic, +Rage rC+
                  | Str+4 Int-4} (You found it on level 6 of the Dungeon)
  5707 | D:6      | Found a stormy altar of Qazlal.
  5741 | D:6      | Noticed Sigmund
  5747 | D:6      | Killed Sigmund
  5751 | D:6      | Reached skill level 9 in Axes
  5752 | D:6      | Reached ** piety under Okawaru
  5911 | D:6      | Reached XP level 9. HP: 55/74 MP: 3/9
  6191 | D:6      | Found a runed translucent door.
  6192 | D:6      | Noticed Crazy Yiuf
  6382 | D:6      | Reached *** piety under Okawaru
  6382 | D:6      | Received a gift from Okawaru
  6573 | D:6      | Killed Crazy Yiuf
  6698 | D:7      | Noticed Maggie
  6706 | D:7      | Killed Maggie
  6706 | D:7      | Reached skill level 10 in Axes
  6936 | D:7      | Noticed Dowan
  6937 | D:7      | Noticed Duvessa
  6941 | D:7      | Killed Duvessa
  6946 | D:7      | Killed Dowan
  7014 | D:7      | Reached **** piety under Okawaru
  7144 | D:7      | Reached skill level 11 in Axes
  7694 | D:8      | Found a transporter.
  7701 | D:8      | Found a transporter.
  7702 | D:8      | Noticed ciphuk's ghost (novice FeCj)
  7860 | D:8      | Reached XP level 10. HP: 81/81 MP: 4/12
  7884 | D:8      | Reached ***** piety under Okawaru
  8174 | D:8      | Noticed a two-headed ogre
  8184 | D:8      | Killed a two-headed ogre
  8184 | D:8      | Reached skill level 12 in Axes
  8184 | D:8      | Reached skill level 5 in Invocations
  8487 | D:8      | Noticed a three-headed hydra
  8495 | D:8      | Slain by a ten-headed hydra

Illustrated notes

Levels and vault maps discovered:
D:1:      saegor_arrival_simple_b, layout_basic, st_stairs_7
D:2:      layout_loops_ring, serial_co_window_serial, co_window_corner_a,
          co_window_corner_a, co_window_of_opportunity_a, co_window_paths_b,
          co_window_paths_a, co_window_of_opportunity_c,
          co_window_of_opportunity_b, co_window_unsneaky_path_a, co_window_sun,
          co_window_4corner_a, hangedman_decor_push
D:3:      layout_loops_ring, old_standard_altar,
          chequers_ecumenical_altar_island, minmay_close_crescents
D:4:      layout_loops_corners, lemuel_crystal_altar, cheibriados_altar_1,
          uniq_robin, uniq_ijyb, uniq_menkaure
D:5:      layout_basic, nicolae_overflow_crystal_walls,
          minmay_temple_entry_trees, first_ration, trog_book
D:6:      layout_basic, grunt_qazlal_sundering, kennysheep_mini_moat,
          uniq_sigmund, uniq_crazy_yiuf_cottage
D:7:      layout_loops_corners, uniq_maggie, uniq_duvessa
D:8:      layout_loops_corners, gammafunk_ghost_mausoleum, hangedman_ranch
          [blue_anna_fruit_fields], minmay_circle_x
Temple:   regret_index_temple_generic_petals

Skill      XL: |  1  2  3  4  5  6  7  8  9 10 |
---------------+-------------------------------+-----
Axes           | 3 4 6 8 9 11 12 | 12.3
Armour         | 4 5 6 7 8 9 |  9.4
Shields        | 4 5 6 7 8 9 |  9.5
Fighting       | 4 5 |  5.0
Invocations    | 2 4 5 |  5.5

Action                   |  1- 3 |  4- 6 |  7- 9 | 10-12 || total
-------------------------+-------+-------+-------+-------++-------
Melee: War axe           |   115 |   115 |   260 |    77 ||   567
       Headbutt          |    11 |    23 |    50 |    16 ||   100
  Use: Scroll            |       |       |     9 |       ||     9
  Eat: Chunk             |     4 |     5 |    13 |     5 ||    27
Armor: Scale mail        |    25 |       |       |       ||    25
       Chain mail        |    51 |    45 |    98 |       ||   194
       Swamp dragon scal |       |       |    31 |    40 ||    71
Dodge: Dodged            |    31 |    29 |    67 |    23 ||   150
Block: Kite shield       |    74 |    60 |   168 |    49 ||   351
